 Dungeon Crawl Stone Soup version 0.19-a0-1002-g674d22e (console) character file.

6871 brucemayne the Cleaver (level 10, 0/74 HPs)
             Began as a Vampire Berserker on July 18, 2016.
             Was a Priest of Trog.
             Succumbed to Sonja's poison
             ... on level 10 of the Dungeon.
             The game lasted 00:17:49 (3458 turns).

brucemayne the Cleaver (Vampire Berserker)          Turns: 3458, Time: 00:17:49

Health: 0/74       AC: 18    Str: 29    XL:     10   Next: 78%
Magic:  10/10      EV:  8    Int: 10    God:    Trog [***...]
Gold:   288        SH:  0    Dex: 14    Spells: 0 memorised, 9 levels left

rFire  + . .     SeeInvis +     v - +0 war axe
rCold  + . .     Gourm    .     h - +0 plate armour
rNeg   + + .     Faith    .     (no shield)
rPois  +         Spirit   .     (no helmet)
rElec  .         Dismiss  .     f - +2 cloak
rCorr  .         Reflect  .     n - +0 pair of gloves
SustAt .         Harm     .     e - +0 pair of boots
MR     +++..                    (no amulet)
Stlth  ..........               s - ring of protection from fire
                                r - +5 ring of strength

@: mighty, lethally poisoned (0 -> -49), very slightly contaminated,
regenerating, slowed, invisible, very slow, extremely resistant to hostile
enchantments, extremely unstealthy
A: fangs 3, see invisible, unbreathing
a: Bat Form, Berserk, Trog's Hand, Burn Spellbooks, Renounce Religion


You were on level 10 of the Dungeon.
You worshipped Trog.
Trog was most pleased with you.
You were thirsty.

You visited 2 branches of the dungeon, and saw 13 of its levels.

You collected 288 gold pieces.

Inventory:

Hand Weapons
 i - a +0 flail
 j - a cursed +2 battleaxe
 u - a +0 battleaxe
 v - a +0 war axe (weapon)
 x - a +0 whip of electrocution
 y - a +0 blowgun
 C - a +0 blowgun
Missiles
 z - 11 poisoned needles
Armour
 e - a +0 pair of boots (worn)
 f - a +2 cloak (worn)
 h - a +0 plate armour (worn)
 n - a +0 pair of gloves (worn)
 t - a +0 shield
 A - a +0 pair of gloves
Jewellery
 r - a +5 ring of strength (left hand)
 s - a ring of protection from fire (right hand)
Wands
 b - a wand of iceblast (3/15)
 w - a wand of confusion (0/48)
 B - a wand of flame (20/48)
Scrolls
 k - 2 scrolls of remove curse
 o - 2 scrolls of magic mapping
 p - a scroll of teleportation
 q - 5 scrolls of noise
Potions
 c - 16 potions of blood
 m - 2 potions of mutation


   Skills:
 - Level 5.0 Fighting
 + Level 13.3 Axes
 - Level 5.2 Armour
 - Level 2.1 Dodging


You had 9 spell levels left.
You didn't know any spells.

Dungeon Overview and Level Annotations

Branches:
Dungeon (12/15)            Temple (1/1) D:7            Lair (0/6) D:9
    Orc: D:9-12

Altars:
Ashenzari
Dithmenos
Elyvilon
Fedhas
Kikubaaqudgha
Makhleb
Nemelex Xobeh
Okawaru
Pakellas
Qazlal
Trog
Uskayaw
Vehumet
Xom
Yredelemnul
Zin
The Shining One

Annotations:
D:10 Sonja


Innate Abilities, Weirdness & Mutations

You heal slowly.
You have razor-sharp teeth.
You have supernaturally acute eyesight. (SInv)
You can survive without breathing.


Message History

Sonja hits you but does no damage.
You are more poisoned.
Unknown command.
It was a potion of invisibility.
You fade into invisibility!
* * * LOW HITPOINT WARNING * * *
You feel extremely sick. Sonja closely misses you.
Sonja hits you but does no damage.
You are more poisoned.
Sonja closely misses you.
You are very lightly contaminated with residual magic.
It was a potion of might.
You feel very mighty all of a sudden.
* * * LOW HITPOINT WARNING * * *
You feel extremely sick.
Unknown command.
Your skin crawls.
You feel resistant to hostile enchantments.
You are feeling thirsty.
You die...

,,,,,,,,,,,+,..,,,,','....+,,,,..
**,*****,,,***#.,,,**#....#*****#
,*,* *,,,* #..,,* #....# # ,*,*
*,,,* #...,* #....# #
,*,*****,,,**##....###....#######
,,,,,,,,,,,,,.K......(...........
,*,******######'#################
,*,* *........# # **,*
*......)@################ ,,,*
*........................ ****
*....>...################
*****........# *,,,,........#
*,,,,..####### *,,,,.,* *,,,,,,*
*,,,,,,*


You could see Sonja (confused).

Vanquished Creatures
  The ghost of Rationalist the Shield-Bearer, a novice FoFi of Qazlal (D:6)
  An unseen horror (D:12)
  2 hill giants
  Pikel (D:9)
  A cyclops (D:9)
  A kobold demonologist (D:12)
  A centaur skeleton (D:11)
  A two-headed ogre (D:11)
  2 wyverns
  A hippogriff (D:9)
  A hungry ghost (D:3)
  2 basilisks
  Menkaure (D:7)
  A water moccasin (D:5)
  An ice beast (D:5)
  2 orc warriors
  A necrophage (D:11)
  A phantom (D:6)
  5 centaurs
  A big kobold (D:9)
  2 giant frogs
  A water moccasin skeleton (D:9)
  2 scorpions
  5 wights (D:9)
  2 howler monkeys (D:8)
  8 orc wizards
  4 orc priests
  A hound (D:6)
  Terence (D:2)
  6 worker ants
  A hound skeleton (D:9)
  A hound zombie (D:9)
  10 adders
  7 gnolls
  A shadow imp (D:7)
  An adder zombie (D:9)
  An adder skeleton (D:8)
  22 orcs
  2 bats
  4 giant cockroaches
  A goblin (D:3)
  3 hobgoblins
  4 jackals (D:1)
  5 quokkas
  3 giant newts (D:3)
  10 kobolds
  A rat (D:2)
137 creatures vanquished.

Vanquished Creatures (others)
  A human (D:9)
1 creature vanquished.

Grand Total: 138 creatures vanquished

Notes
Turn   | Place    | Note
-------+----------+-------------------------------------------
     0 | D:1      | brucemayne the Vampire Berserker began the quest for the Orb.
     0 | D:1      | Reached XP level 1. HP: 17/17 MP: 1/1
   190 | D:1      | Reached skill level 3 in Axes
   203 | D:1      | Reached XP level 2. HP: 14/23 MP: 2/2
   251 | D:3      | Found an ancient bone altar of Kikubaaqudgha.
   286 | D:3      | Reached XP level 3. HP: 28/28 MP: 3/3
   289 | D:3      | Reached skill level 4 in Axes
   377 | D:3      | Noticed a hungry ghost
   378 | D:3      | Noticed Terence
   432 | D:2      | Reached ** piety under Trog
   443 | D:2      | Reached XP level 4. HP: 22/34 MP: 4/4
   628 | D:2      | Killed Terence
   628 | D:2      | Reached skill level 5 in Axes
   892 | D:3      | Killed a hungry ghost
   892 | D:3      | Reached skill level 6 in Axes
   892 | D:3      | Reached XP level 5. HP: 20/39 MP: 5/5
  1033 | D:4      | Reached XP level 6. HP: 30/46 MP: 6/6
  1076 | D:5      | Entered Level 5 of the Dungeon
  1124 | D:5      | Found a blossoming altar of Fedhas.
  1196 | D:5      | Noticed an ice beast
  1219 | D:5      | Killed an ice beast
  1232 | D:4      | Found an oddly glowing altar of Pakellas.
  1232 | D:4      | Found an iron altar of Okawaru.
  1331 | D:6      | Reached skill level 7 in Axes
  1331 | D:6      | Reached XP level 7. HP: 25/51 MP: 7/7
  1455 | D:6      | Noticed Rationalist's ghost (novice FoFi)
  1565 | D:6      | Reached skill level 8 in Axes
  1579 | D:6      | Killed Rationalist's ghost
  1579 | D:6      | Reached skill level 9 in Axes
  1579 | D:6      | Reached XP level 8. HP: 51/57 MP: 8/8
  1589 | D:6      | Reached skill level 10 in Axes
  1710 | D:7      | Found a staircase to the Ecumenical Temple.
  1719 | Temple   | Entered the Ecumenical Temple
  1821 | D:7      | Noticed Menkaure
  1824 | D:7      | Killed Menkaure
  2082 | D:8      | Reached XP level 9. HP: 31/65 MP: 9/9
  2095 | D:8      | Found a shadowy altar of Dithmenos.
  2230 | D:9      | Found a burning altar of Makhleb.
  2343 | D:9      | Found an ancient bone altar of Kikubaaqudgha.
  2383 | D:9      | Reached skill level 5 in Fighting
  2456 | D:9      | Reached *** piety under Trog
  2536 | D:9      | Found a staircase to the Lair.
  2604 | D:10     | Entered Level 10 of the Dungeon
  2609 | D:10     | Noticed a hill giant
  2621 | D:10     | Killed a hill giant
  2621 | D:10     | Reached skill level 5 in Armour
  2649 | D:10     | Noticed Sonja
  2732 | D:9      | Noticed a cyclops
  2768 | D:9      | Killed a cyclops
  2768 | D:9      | Reached skill level 11 in Axes
  2838 | D:9      | Noticed Pikel
  2850 | D:9      | Killed Pikel
  2850 | D:9      | Reached XP level 10. HP: 74/74 MP: 10/10
  3037 | D:11     | Noticed a hill giant
  3037 | D:11     | Noticed a cyclops
  3061 | D:12     | Killed a hill giant
  3063 | D:12     | Reached skill level 12 in Axes
  3109 | D:12     | Noticed an unseen horror
  3127 | D:12     | Noticed a centaur warrior
  3129 | D:12     | Killed an unseen horror
  3134 | D:12     | Noticed a death knight
  3148 | D:12     | Noticed a hill giant
  3152 | D:12     | Noticed an unseen horror
  3168 | D:12     | Noticed a gargoyle
  3172 | D:12     | Found a blossoming altar of Fedhas.
  3232 | D:11     | Reached **** piety under Trog
  3232 | D:11     | Reached skill level 13 in Axes
  3381 | D:11     | Noticed a six-headed hydra
  3458 | D:10     | Succumbed to Sonja's poison

Vault maps used:
D:1:      minmay_arrival_loop
D:2:      first_bread
D:3:      lemuel_round_altar, lemuel_round_altar, led_sif_book,
          minmay_misc_feat_encased, uniq_terence
D:4:      kennysheep_mini_moat, nicolae_overflow_hidden_temple, dk_vineyard_1
D:5:      lemuel_doored_altar, lemuel_round_altar
D:7:      lemuel_ratsnest, lemuel_crystal_altar, grunt_livestock, uniq_menkaure
D:8:      basic_altar
D:9:      old_standard_altar, lair_0_dummy, tgw_kikubaaqudgha, uniq_pikel
D:10:     serial_shops, shop, uniq_urug, uniq_sonja
D:12:     orc_0_dummy, basic_altar, minmay_misc_feat_five
Temple:   nicolae_temple_hex_pool

Skill      XL: |  1  2  3  4  5  6  7  8  9 10 |
---------------+-------------------------------+-----
Axes           | 3 4 6 7 9 10 11 13 | 13.3
Fighting       | 4 5 |  5.0
Armour         | 3 5 |  5.2
Dodging        | |  2.1

Action                   |  1- 3 |  4- 6 |  7- 9 | 10-12 || total
-------------------------+-------+-------+-------+-------++-------
Melee: Hand axe          |    75 |   193 |    36 |       ||   304
       Bite              |     6 |    14 |    31 |    19 ||    70
       War axe           |       |       |   167 |    93 ||   260
Invok: Berserk           |     1 |     1 |     7 |     3 ||    12
       Trog's Hand       |       |       |     6 |     4 ||    10
 Abil: End Transformatio |     1 |     1 |     2 |     2 ||     6
       Bat Form          |     1 |     1 |     2 |     2 ||     6
Evoke: Wand              |       |       |     2 |     6 ||     8
  Use: Potion            |     3 |     2 |    15 |     8 ||    28
       Scroll            |       |       |     7 |     5 ||    12
Armor: Leather armour    |    19 |       |       |       ||    19
       Scale mail        |    12 |     2 |       |       ||    14
       Plate armour      |       |   139 |   154 |    65 ||   358
Dodge: Dodged            |    46 |    44 |    85 |    63 ||   238
